 Dungeon Crawl Stone Soup version 0.28.0 (webtiles) character file.

Game seed: 17242757207586359629

12782 SnakkuSnakku7 the Severer (level 11, -1/99 HPs)
             Began as a Hill Orc Fighter on Feb 16, 2022.
             Was a Priest of the Shining One.
             Slain by a fire bat (7 damage)
             ... on level 1 of the Lair of Beasts.
             The game lasted 00:16:28 (11259 turns).

SnakkuSnakku7 the Severer (Hill Orc Fighter)       Turns: 11259, Time: 00:16:29

Health: -1/99      AC: 18    Str: 28    XL:     11   Next: 98%
Magic:  11/11      EV:  8    Int:  8    God:    the Shining One [***...]
Gold:   218        SH:  0    Dex: 12    Spells: 10/10 levels left

rFire   . . .      SeeInvis .   a - +0 battleaxe
rCold   + + .      Faith    .   (shield currently unavailable)
rNeg    + . .      Spirit   .   J - +4 chain mail {rC+}
rPois   .          Reflect  .   A - +0 helmet
rElec   .          Harm     .   (no cloak)
rCorr   .          Rampage  .   H - +2 pair of gloves
Will    .....                   C - +0 pair of boots
Stlth   ..........              N - amulet of regeneration
HPRegen 1.06/turn               s - ring of protection from cold
MPRegen 0.12/turn               f - +6 ring of strength

@: glowing
A: no striking features
a: Renounce Religion, Divine Shield, Cleansing Flame


You were on level 1 of the Lair of Beasts.
You worshipped the Shining One.
The Shining One was most pleased with you.
You visited 3 branches of the dungeon, and saw 12 of its levels.

You collected 822 gold pieces.
You spent 604 gold pieces at shops.

Inventory:

Hand Weapons
 a - a +0 battleaxe (weapon)
 r - a +0 war axe
Missiles
 e - 8 poisoned darts (quivered)
 w - 3 curare-tipped darts
Armour
 A - a +0 helmet (worn)
 C - a +0 pair of boots (worn)
 D - a +0 kite shield
 H - a +2 pair of gloves (worn)
 J - a +4 chain mail of cold resistance (worn)
Jewellery
 f - a +6 ring of strength (right hand)
 s - a ring of protection from cold (left hand)
 N - an amulet of regeneration (around neck)
Wands
 b - a wand of digging (4)
 B - a wand of flame (32)
Scrolls
 c - a scroll of amnesia {unknown}
 i - a scroll of enchant weapon {unknown}
 k - 10 scrolls of identify
 m - 3 scrolls of enchant armour {unknown}
 n - a scroll of noise {unknown}
 q - a scroll of vulnerability {unknown}
 x - 2 scrolls of fear
 y - 2 scrolls of immolation {unknown}
 E - 2 scrolls of teleportation {unknown}
 F - a scroll of magic mapping {unknown}
 M - a scroll of torment {unknown}
Potions
 d - a potion of might
 g - 3 potions of mutation
 h - 2 potions of attraction {unknown}
 j - 2 potions of lignification {unknown}
 l - a potion of invisibility
 o - 2 potions of curing
 p - a potion of berserk rage {unknown}
 u - a potion of heal wounds {unknown}
 v - 6 potions of flight {unknown}
 z - a potion of haste {unknown}
 G - 2 potions of brilliance
 I - a potion of resistance


   Skills:
 - Level 10.0 Fighting
 - Level 18.8 Axes
 - Level 4.0 Throwing
 - Level 3.2 Armour
 - Level 3.2 Shields
 + Level 7.4 Evocations


You had 10 spell levels left.
You didn't know any spells.
Your spell library contained the following spells:

 Spells                   Type           Power      Damage    Failure   Level
 Static Discharge         Conj/Air       0%         N/A       98%         2
 Sublimation of Blood     Necr           0%         N/A       98%         2
 Ignite Poison            Fire/Tmut/Pois 0%         N/A       100%        3
 Mephitic Cloud           Conj/Pois/Air  0%         N/A       100%        3
 Tukima's Dance           Hex            0%         N/A       100%        3
 Anguish                  Hex/Necr       0%         N/A       100%        4
 Dispel Undead            Necr           0%         3d6       100%        4
 Petrify                  Tmut/Erth      0%         N/A       100%        4
 Sticky Flame             Conj/Fire      0%         2d3       100%        4
 Freezing Cloud           Conj/Ice/Air   0%         6-21      100%        5
 Irradiate                Conj/Tmut      0%         3d13      100%        5
 Enfeeble                 Hex            0%         N/A       100%        7


Dungeon Overview and Level Annotations

Branches:
Dungeon (10/15)            Temple (1/1) D:7            Lair (1/6) D:9
    Orc (0/2) D:10

Altars:
Ashenzari
Cheibriados
Elyvilon
Fedhas
Gozag
Hepliaklqana
Kikubaaqudgha
Makhleb
Nemelex Xobeh
Okawaru
Qazlal
Sif Muna
Trog
Uskayaw
Vehumet
Wu Jian
Yredelemnul
Zin
The Shining One

Shops:
D:10 *[**:

Portals:
Volcano: Lair:1

Annotations:
D:8 exclusion: 3 doors
D:9 2 transporters, jjjjhere's ghost, novice GnCj


Message History

The komodo dragon bites you!!
Unknown command.
You hit the komodo dragon.
The komodo dragon is lightly wounded.
You hear the brisk rumble of an avalanche of rocks very nearby.
The fire bat closely misses you.
Unknown command.
You hit the komodo dragon but do no damage.
The komodo dragon is lightly wounded.
The fire bat barely misses you.
The blink frog blinks!
The komodo dragon bites you!
Unknown command. 2 fire bats come into view.
The fire bat closely misses you.
Unknown command.
The fire bat bites you but does no damage.
The fire bat barely misses you.
The fire bat bites you but does no damage.
You slice the fire bat!!
You kill the fire bat!
You slash the komodo dragon! You hit the blink frog. You slash the fire bat!
The fire bat bites you but does no damage.
The fire bat bites you.
You are engulfed in flames.
The komodo dragon bites you!!
* * * LOW HITPOINT WARNING * * *
The blink frog barely misses you.
The fire bat bites you but does no damage.
The bullfrog releases a deep croak.
The fire bat bites you.
* * * LOW HITPOINT WARNING * * *
You are engulfed in flames.
* * * LOW HITPOINT WARNING * * *
Unknown command.
Found a dark tunnel.
The fire bat closely misses you.
The blink frog hits you but does no damage.
The fire bat bites you but does no damage.
The fire bat bites you.
* * * LOW HITPOINT WARNING * * *
You are engulfed in flames!
You die...

................### ....#
................# ## .....
...............####∩## .....
###....#.......##....##
....# #
......#......#......# ..#
###. #
...........##......###.# #.#
# .........#.........#.#
..... .
.........##.......##.#......
...#.....##@b.....##.##.^...
...#......##.b...##..##.....
..........##lF...##..##..# .
...#......##D.F..#...##.###.
#.##......###...##..........
..........####.##...........
............#†#..D.........
.......†.........F.........
........#..#....#..........


You could see a five-headed hydra, a komodo dragon, a blink frog, 2 fire bats
and a bullfrog.

Vanquished Creatures
  2 two-headed ogres (D:9)
  2 black mambas (Lair:1)
  2 cane toads
  A komodo dragon (Lair:1)
  A kobold demonologist (D:10)
  Grinder (D:4)
  A troll (D:10)
  3 blink frogs (Lair:1)
  4 wyverns
  9 yaks
  A fire bat (Lair:1)
  2 basilisks (D:9)
  2 steam dragons
  3 vampire mosquitoes
  A warg (D:10)
  Edmund (D:4)
  Duvessa (D:4)
  7 water moccasins
  3 sky beasts
  7 orc warriors
  A black bear (D:6)
  2 necrophages (D:5)
  An ogre (D:6)
  5 wolves (Lair:1)
  A centaur (D:7)
  A phantom (D:5)
  4 bullfrogs
  A scorpion (D:9)
  4 gnoll sergeants
  A water moccasin zombie (D:5)
  A water moccasin skeleton (D:6)
  Dowan (D:4)
  13 wights
  9 killer bees
  3 howler monkeys
  A bullfrog zombie (D:5)
  2 centaur zombies (D:7)
  8 orc priests
  A bullfrog skeleton (D:6)
  3 hounds
  A centaur skeleton (D:6)
  A jelly (D:7)
  Jessica (D:2)
  5 iguanas
  13 orc wizards
  A scorpion zombie (D:5)
  16 gnolls
  4 adders
  2 howler monkey skeletons
  2 shadow imps (D:7)
  An ufetubus (D:6)
  2 worms
  2 dart slugs
  30 orcs
  3 ball pythons
  8 endoplasms
  4 giant cockroaches
  5 goblins
  9 hobgoblins
  5 kobolds
  A quokka (D:4)
  6 bats
  3 frilled lizards
  2 rats
244 creatures vanquished.

Vanquished Creatures (others)
  5 fungi
  12 plants
17 creatures vanquished.

Grand Total: 261 creatures vanquished

Notes
Turn   | Place    | Note
-------+----------+-------------------------------------------
     0 | D:1      | SnakkuSnakku7 the Hill Orc Fighter began the quest for the
                  | Orb.
     0 | D:1      | Reached XP level 1. HP: 19/19 MP: 1/1
   131 | D:1      | Reached skill level 3 in Axes
   134 | D:1      | Reached XP level 2. HP: 19/26 MP: 2/2
   136 | D:1      | Reached skill level 1 in Throwing
   361 | D:1      | Found a faded altar of an unknown god.
   559 | D:1      | Reached XP level 3. HP: 29/31 MP: 3/3
   733 | D:2      | Reached skill level 4 in Axes
  1161 | D:2      | Noticed Jessica
  1202 | D:2      | Killed Jessica
  1203 | D:2      | Reached XP level 4. HP: 10/39 MP: 4/4
  1852 | D:3      | Reached skill level 5 in Axes
  1854 | D:3      | Reached XP level 5. HP: 25/45 MP: 5/5
  1954 | D:3      | Found an ancient bone altar of Kikubaaqudgha.
  2770 | D:4      | Found an ornate altar of the Wu Jian Council.
  2831 | D:4      | Noticed Edmund
  2832 | D:4      | Noticed Grinder
  2834 | D:4      | Noticed Dowan
  2842 | D:4      | Noticed Duvessa
  2918 | D:5      | Entered Level 5 of the Dungeon
  2991 | D:5      | Found a basalt altar of Yredelemnul.
  3182 | D:5      | Reached skill level 6 in Axes
  3182 | D:5      | Reached XP level 6. HP: 46/51 MP: 6/6
  3193 | D:5      | Noticed a necrophage
  3445 | D:5      | Killed a necrophage
  3446 | D:5      | Reached skill level 7 in Axes
  3459 | D:5      | Reached XP level 7. HP: 19/57 MP: 7/7
  3590 | D:5      | Reached skill level 8 in Axes
  3743 | D:4      | Paralysed by Grinder for 4 turns
  3969 | D:4      | Paralysed by Grinder for 2 turns
  3977 | D:4      | Killed Grinder
  3978 | D:4      | Reached skill level 9 in Axes
  4035 | D:4      | Killed Edmund
  4036 | D:4      | Reached skill level 10 in Axes
  4100 | D:4      | Killed Duvessa
  4101 | D:4      | Reached XP level 8. HP: 35/64 MP: 8/8
  4106 | D:4      | Killed Dowan
  4686 | D:5      | Reached skill level 11 in Axes
  4774 | D:6      | Reached skill level 12 in Axes
  5026 | D:6      | Reached skill level 13 in Axes
  5036 | D:6      | Reached XP level 9. HP: 49/70 MP: 9/9
  5317 | D:6      | Found a hazy altar of Hepliaklqana.
  5761 | D:7      | Reached skill level 5 in Fighting
  5866 | D:7      | Reached skill level 14 in Axes
  6204 | D:7      | Found a staircase to the Ecumenical Temple.
  6213 | Temple   | Entered the Ecumenical Temple
  6220 | Temple   | Became a worshipper of the Shining One
  6287 | D:7      | Found an opulent altar of Gozag.
  6624 | D:8      | Reached XP level 10. HP: 11/88 MP: 10/10
  6630 | D:8      | Reached skill level 15 in Axes
  7167 | D:8      | Reached * piety under the Shining One
  7882 | D:9      | Found a staircase to the Lair.
  7955 | D:9      | Reached ** piety under the Shining One
  8219 | D:9      | Reached skill level 16 in Axes
  8226 | D:9      | Noticed a two-headed ogre
  8297 | D:9      | Noticed a two-headed ogre
  8324 | D:9      | Killed a two-headed ogre
  8325 | D:9      | Reached skill level 10 in Fighting
  8600 | D:9      | You fall into a shaft and drop 1 floor!
  8600 | D:10     | Entered Level 10 of the Dungeon
  8600 | D:10     | Found a glowing silver altar of Zin.
  8635 | D:10     | Reached skill level 17 in Axes
  8954 | D:10     | Found Masutoy's General Store.
  8960 | D:10     | Bought a potion of curing for 36 gold pieces
  8960 | D:10     | Bought a potion of curing for 36 gold pieces
  8960 | D:10     | Bought a scroll of identify for 24 gold pieces
  8960 | D:10     | Bought a potion of resistance for 120 gold pieces
  8960 | D:10     | Bought a scroll of fear for 42 gold pieces
  8960 | D:10     | Bought a potion of brilliance for 48 gold pieces
  8960 | D:10     | Bought a potion of mutation for 96 gold pieces
  8970 | D:10     | Found Runeucuq's Antique Armour Shoppe.
  8975 | D:10     | Bought a glowing chain mail for 202 gold pieces
  9009 | D:10     | Found Ogoyn's Assorted Antiques.
  9033 | D:10     | Found Luvuots's Book Boutique.
  9106 | D:10     | Found a staircase to the Orcish Mines.
  9117 | D:10     | Reached XP level 11. HP: 83/99 MP: 11/11
  9443 | D:10     | Reached skill level 18 in Axes
  9509 | D:9      | Found a bloodstained altar of Trog.
  9628 | D:10     | Found a sparkling altar of Nemelex Xobeh.
  9731 | D:10     | Found Idghioso's Assorted Antiques.
 10467 | D:9      | Killed a two-headed ogre
 10529 | D:9      | Reached skill level 1 in Evocations
 10567 | D:9      | Noticed jjjjhere's ghost (novice GnCj)
 10600 | D:9      | Found a white marble altar of Elyvilon.
 10603 | D:9      | Found a radiant altar of Vehumet.
 10626 | D:9      | Found a transporter.
 10629 | D:9      | Found a transporter.
 10837 | Lair:1   | Entered Level 1 of the Lair of Beasts
 10984 | Lair:1   | Reached skill level 5 in Evocations
 11141 | Lair:1   | Reached *** piety under the Shining One
 11158 | Lair:1   | Noticed a four-headed hydra
 11258 | Lair:1   | Found a dark tunnel.
 11259 | Lair:1   | Slain by a fire bat

Illustrated notes

Levels and vault maps discovered:
D:1:      dpeg_arrival_oval, layout_rooms,
          dreamdust_ecumenical_altar_hidden_monk_grotto
D:2:      layout_basic, kennysheep_nondescript, chequers_serial_rivers_room_a,
          skrybe_limestone_x, uniq_jessica
D:3:      layout_basic, nicolae_kikubaaqudgha_miasma_corner
D:4:      layout_loops_ring, general_overflow_altar, uniq_edmund, uniq_grinder,
          uniq_duvessa
D:5:      layout_basic, amcnicky_altar_gilded, kennysheep_dice
D:6:      layout_cave_pools, mainiacjoe_overflow_alcove_4,
          minmay_misc_feat_doors
D:7:      layout_loops_ring, lemuel_coloured_pillars_altar,
          minmay_temple_entry_offerings
D:8:      layout_gridville
D:9:      layout_stronghold, lemuel_doored_altar, mainiacjoe_overflow_big_doors,
          minmay_lair_entry_grove, gammafunk_ghost_hive, enter_bailey_1
D:10:     layout_rooms, nemelex_spade_bored_becter,
          mainiacjoe_overflow_concentric_impassable, david_orc_3, serial_shops,
          nicolae_shop_advertising_works [nicolae_subvault_shop_adworks],
          nicolae_shop_behind_doors, nicolae_shop_trees,
          nicolae_shop_temple_entry_statues_fountains, shop,
          hellmonk_bongcloud_opening
Temple:   nicolae_temple_x_marks_the_god
Lair:1:   layout_regular_city, nicolae_volcano_entry_batcave, minivault_19,
          grunt_megastairs_1

Skill      XL: |  1  2  3  4  5  6  7  8  9 10 11 |
---------------+----------------------------------+-----
Axes           | 3 4 5 6 7 10 13 14 17 18 | 18.8
Throwing       | 1 2 3 4 |  4.0
Fighting       | 7 10 | 10.0
Evocations     | 7 |  7.4
Armour         | |  3.2
Shields        | |  3.2

Action                   |  1- 3 |  4- 6 |  7- 9 | 10-12 || total
-------------------------+-------+-------+-------+-------++-------
Melee: War axe           |    81 |   146 |   288 |   202 ||   717
       Battleaxe         |       |       |       |   124 ||   124
Throw: Dart              |     2 |     3 |    13 |    19 ||    37
Evoke: Wand              |       |       |       |     7 ||     7
Armor: Scale mail        |    52 |    41 |       |       ||    93
       Plate armour      |       |    31 |   147 |    79 ||   257
       Chain mail        |       |       |       |   103 ||   103
Dodge: Dodged            |    32 |    56 |    57 |    96 ||   241
Block: Buckler           |    19 |    28 |    50 |       ||    97
       Kite shield       |       |       |    25 |    74 ||    99
